 Dungeon Crawl Stone Soup version 0.29-a0-283-ga02f740833 (webtiles) character file.

Game seed: 13769869544639966529

653 Dabor the Covered (level 7, -4/44 HPs)
             Began as a Gargoyle Fighter on Mar 13, 2022.
             Was a Follower of the Shining One.
             Shot with an arrow by a centaur (5 damage)
             ... on level 5 of the Dungeon.
             The game lasted 00:05:30 (4275 turns).

Dabor the Covered (Gargoyle Fighter)                Turns: 4275, Time: 00:05:30

Health: -4/44      AC: 12    Str: 21    XL:     7   Next: 54%
Magic:  7/7        EV:  9    Int:  9    God:    the Shining One [*.....]
Gold:   222        SH:  5    Dex: 15    Spells: 6/6 levels left

rFire   . . .      SeeInvis .   a - +0 flail
rCold   . . .      Faith    .   c - +0 buckler
rNeg    + . .      Spirit   .   b - +0 scale mail
rPois   ∞          Reflect  .   (no helmet)
rElec   +          Harm     .   (no cloak)
rCorr   .          Rampage  .   (no gloves)
Will    +....                   (no boots)
Stlth   ..........              (no amulet)
HPRegen 0.14/turn               n - +6 ring of dexterity
MPRegen 0.10/turn               r - ring of willpower

@: glowing
A: sickness immunity, AC +4, negative energy resistance 1, electricity
resistance, torment resistance 1, petrification resistance
a: Renounce Religion, Divine Shield


You were on level 5 of the Dungeon.
You worshipped the Shining One.
The Shining One was aware of your devotion.
You visited 1 branch of the dungeon, and saw 5 of its levels.

You collected 222 gold pieces.

Inventory:

Hand Weapons
 a - a +0 flail (weapon)
Armour
 b - a +0 scale mail (worn)
 c - a +0 buckler (worn)
Jewellery
 j - a ring of fire
 m - a +6 ring of intelligence
 n - a +6 ring of dexterity (left hand)
 r - a ring of willpower (right hand)
Wands
 y - a wand of acid (12)
 A - a wand of iceblast (8)
 B - a wand of polymorph (13)
Scrolls
 d - a scroll of fear
 g - 2 scrolls of teleportation
 h - 2 scrolls of immolation
 k - a scroll of vulnerability {unknown}
 l - 2 scrolls of magic mapping
 q - 4 scrolls of identify
 u - 2 scrolls of blinking {unknown}
 v - a scroll of brand weapon {unknown}
 x - a scroll of acquirement {unknown}
 z - a scroll of enchant armour {unknown}
 C - a scroll of torment {unknown}
Potions
 e - a potion of degeneration {unknown}
 f - 2 potions of curing
 i - 3 potions of lignification {unknown}
 o - 3 potions of heal wounds {unknown}
 p - a potion of invisibility {unknown}
 s - a potion of flight {unknown}
 t - 4 potions of mutation {unknown}
 w - 2 potions of brilliance {unknown}


   Skills:
 + Level 5.4 Fighting
 + Level 4.4 Maces & Flails
 + Level 5.4 Armour
 + Level 5.4 Shields


You had 6 spell levels left.
You didn't know any spells.
Your spell library contained the following spells:

 Spells                   Type           Power      Damage    Failure   Level
 Conjure Flame            Conj/Fire      0%         6-21      99%         3
 Gell's Gravitas          Tloc           0%         N/A       99%         3
 Ignite Poison            Fire/Tmut/Pois 0%         N/A       99%         3
 Lesser Beckoning         Tloc           0%         N/A       99%         3
 Teleport Other           Tloc           0%         N/A       99%         3
 Petrify                  Tmut/Erth      0%         N/A       100%        4
 Sticky Flame             Conj/Fire      0%         2d3       100%        4
 Metabolic Englaciation   Hex/Ice        0%         N/A       100%        5
 Statue Form              Tmut/Erth      Unusable   N/A       N/A         6

Dungeon Overview and Level Annotations

Branches:
Dungeon (5/15)
 Temple: D:4-7

Altars:
Ashenzari
Trog
The Shining One


Innate Abilities, Weirdness & Mutations

You are immune to sickness and miasma.
Your stone body is resilient. (AC +4)
You are immune to poison.
You resist negative energy. (rN+)
You are resistant to electric shocks. (rElec)
You are resistant to unholy torment.
You are immune to petrification.


Message History

You barely miss the quokka. The quokka barely misses you.
The quokka bites you but does no damage.
A quokka is nearby!
You hit the quokka but do no damage. The quokka closely misses you.
A quokka is nearby!
You sock the quokka!
You kill the quokka!
Found a ring mail.
No target in view!
You see here a +0 ring mail.
Found a curved runed staff.
No target in view!
You see here a staff of conjuration.
A centaur comes into view.
The centaur shouts!
The centaur wields a +3 shortbow of flaming.
It bursts into flame!
The centaur shoots an arrow.
The arrow hits you. The arrow burns you.
The centaur shoots an arrow.
The arrow hits you! The arrow burns you.
You are too injured to fight recklessly!
You are too injured to fight recklessly!
A centaur is nearby!
A centaur is nearby!
You are too injured to fight recklessly!
A centaur is nearby!
You are too injured to fight recklessly!
A centaur is nearby!
You are too injured to fight recklessly!
You see here a staff of conjuration.
The centaur shoots an arrow.
The arrow barely misses you.
The centaur shoots an arrow.
The arrow hits you.
* * * LOW HITPOINT WARNING * * *
The arrow burns you.
* * * LOW HITPOINT WARNING * * *
The centaur shoots an arrow.
The arrow hits you but does no damage.
The centaur shoots an arrow.
You block the arrow.
The centaur shoots an arrow.
The arrow hits you!
* * * LOW HITPOINT WARNING * * *
The arrow burns you.
You die...

######### #.#
#.......# #.#
#.......#
##.####.......#
..............+
.#.#.##.......#
.#.#.##..##########
.#.#.##.....[...@.#
......#..########.#
##....#..# #.#
##....#..# #.#
##....#..# #.#
##....#..# #.#
##....#..# #|#
##....#.. #c#
##.#... #.#


You could see a centaur.

Vanquished Creatures
  Sigmund (D:2)
  An ogre (D:4)
  2 scorpions (D:4)
  A jelly (D:5)
  3 iguanas
  A gnoll (D:1)
  10 adders
  An ufetubus (D:4)
  A worm (D:3)
  6 dart slugs
  2 orcs
  4 ball pythons (D:3)
  10 endoplasms
  2 giant cockroaches
  7 goblins
  9 hobgoblins
  2 jackals (D:1)
  4 kobolds
  4 quokkas
  8 bats
  4 frilled lizards (D:1)
  4 rats
87 creatures vanquished.

Notes
Turn   | Place    | Note
-------+----------+-------------------------------------------
     0 | D:1      | Dabor the Gargoyle Fighter began the quest for the Orb.
     0 | D:1      | Reached XP level 1. HP: 14/14 MP: 1/1
   264 | D:1      | Reached XP level 2. HP: 19/19 MP: 2/2
   595 | D:1      | Reached XP level 3. HP: 23/23 MP: 3/3
  1112 | D:2      | Reached XP level 4. HP: 29/29 MP: 4/4
  1226 | D:2      | Found a glowing golden altar of the Shining One.
  1270 | D:2      | Found a faded altar of an unknown god.
  1539 | D:2      | Noticed Sigmund
  1562 | D:2      | Killed Sigmund
  1563 | D:2      | Reached XP level 5. HP: 22/34 MP: 5/5
  1563 | D:2      | Reached XP level 6. HP: 25/39 MP: 6/6
  1845 | D:2      | Became a worshipper of the Shining One
  2047 | D:3      | Found a bloodstained altar of Trog.
  2357 | D:3      | Found a broken altar of Ashenzari.
  2956 | D:4      | Reached skill level 5 in Armour
  3060 | D:4      | Reached skill level 5 in Fighting
  3060 | D:4      | Reached skill level 5 in Shields
  3060 | D:4      | Reached XP level 7. HP: 18/44 MP: 7/7
  3327 | D:4      | Reached * piety under the Shining One
  3856 | D:5      | Entered Level 5 of the Dungeon
  4275 | D:5      | HP: 1/44 [centaur/arrow (9)]
  4275 | D:5      | Shot with an arrow by a centaur

Illustrated notes

Levels and vault maps discovered:
D:1:      tarquinn_simple_flora_water_d, layout_loops_cross,
          minmay_statues_item, minmay_small_reverse_x
D:2:      layout_rooms, basic_altar, dreamdust_ecumenical_altar_statues,
          bh_walls_and_bars, uniq_sigmund
D:3:      layout_basic, mainiacjoe_overflow_surrounded_room, ashenzari_altar_1
D:4:      layout_cave_pods, st_stairs_9, hangedman_minor_gate_pass
D:5:      layout_basic, temple_green, nicolae_figureground_sparkle

Skill      XL: |  1  2  3  4  5  6 |
---------------+-------------------+-----
Armour         | 4 5 |  5.4
Shields        | 4 5 |  5.4
Fighting       | 4 5 |  5.4
Maces & Flails | 3 4 |  4.4

Action                   |  1- 3 |  4- 6 |  7- 9 || total
-------------------------+-------+-------+-------++-------
Melee: Flail             |    90 |   138 |    40 ||   268
Throw: Throwing net      |       |     1 |       ||     1
  Use: Scroll            |     4 |       |       ||     4
       Potion            |       |     2 |       ||     2
 Stab: Held in net/web   |       |     1 |       ||     1
Armor: Scale mail        |    45 |    70 |    16 ||   131
Dodge: Dodged            |    35 |    65 |    20 ||   120
Block: Buckler           |    16 |    42 |    12 ||    70

Table legend: (Time is in decaauts)
 A = Elapsed time spent in this place.
 B = Non-inter-level travel time spent in this place.
 C = Inter-level travel time spent in this place.
 D = Time resting spent in this place.
 E = Time spent auto-exploring this place.
 F = Levels seen in this place.
 G = Mean time per level.
                   A        B        C        D        E       F      G
               +--------+--------+--------+--------+--------+-----+--------+
         Total |   4349 |   4221 |    128 |    174 |   3358 |   5 |  869.8 |
       Dungeon |   4349 |   4221 |    128 |    174 |   3358 |   5 |  869.8 |
               +--------+--------+--------+--------+--------+-----+--------+

Top non-repeatable levels by time:
     D:4: 1317 daAuts
     D:1: 1110 daAuts
     D:2: 782 daAuts
     D:3: 714 daAuts
     D:5: 425 daAuts
